 Dungeon Sprint DCSS version 0.30-a0-222-ge547ba4400 (webtiles) character file.

Game seed: 2894136745136132507

46286 rocky1 the Shatterer (level 14, -8/151 HPs)
             Began as a Minotaur Gladiator on Oct 9, 2022.
             Was the Champion of Qazlal.
             Mangled by an Executioner (13 damage)
             ... summoned by Gloorx Vloq
             ... in the Dungeon (Sprint II: "The Violet Keep of Menkaure").
             The game lasted 00:38:38 (5110 turns).

rocky1 the Shatterer (Minotaur Gladiator)           Turns: 5110, Time: 00:38:39

Health: -8/151     AC: 37    Str: 27    XL:     14   Next: 4%
Magic:  29/34      EV: 15    Int:  7    God:    Qazlal [******]
Gold:   2358       SH:  0    Dex: 12    Spells: 13/13 levels left

rFire   + + .      SeeInvis +    g - +5 great mace "Noloucs" {venom, rC+ rN+ Stlth+}
rCold   + + .      Faith    .    (shield currently unavailable)
rNeg    + + +      Spirit   .    a - +13 chain mail of Cengax {Regen+}
rPois   +          Reflect  .    O - +2 hat {Stlth+}
rElec   +          Harm     .    D - +0 cloak
rCorr   +          Rampage  .    j - +0 pair of gloves of Podom {rPois Will- Regen+ Str+4}
Will    +++++      Clarity  +    S - +0 pair of boots of Greater Demons {rF+ MP+9}
Stlth   +......... NoTele   +    H - amulet of the Four Winds {rN+ Will+++ Clar}
HPRegen 2.05/turn                Q - ring of Ydir {rN+ Int+2 Slay+4}
MPRegen 0.24/turn                N - ring "Ilunty" {rN+ Will+ rCorr Dex-3 SInv}

@: confused, mighty, resistant, ambrosia-drunk, protected from physical damage,
studying Fighting, repel missiles
A: horns 2, retaliatory headbutt, thin skeletal structure 1, strong-willed 1,
robust 1
a: Renounce Religion, Upheaval, Elemental Force, Disaster Area


You were in the Dungeon.
You worshipped Qazlal.
Qazlal was exalted by your worship.
You visited 1 branch You collected 4873 gold pieces.
You spent 2515 gold pieces at shops.

Inventory:

Hand Weapons
 c - the +9 arbalest "Tesih" {penet, rC- rN+ Will+ Str+3}
   (You found it in the Dungeon)

   Any ammunition fired by it passes through the targets it hits, potentially
   hitting all targets in its path until it reaches maximum range.
   Str:       It affects your strength (+3).
   rC:        It makes you vulnerable to cold.
   rN:        It protects you from negative energy.
   Will:      It increases your willpower.
 g - the +5 great mace "Noloucs" (weapon) {venom, rC+ rN+ Stlth+}
   (You acquired it in the Dungeon)

   It poisons the flesh of those it strikes.
   rC:        It protects you from cold.
   rN:        It protects you from negative energy.
   Stlth:     It makes you more stealthy.
 K - the +4 great sword of Ignis, Hungering {flame, rC- Str+10 Int+4}
   (You found it in the Dungeon)

   It burns those it strikes, dealing additional fire damage.
   Big, fiery blades are also staple armaments of hydra-hunters.
   Str:       It affects your strength (+10).
   Int:       It affects your intelligence (+4).
   rC:        It makes you vulnerable to cold.
 L - a +2 longbow of flaming
 Y - a +5 great sword of holy wrath
Missiles
 d - 3 throwing nets (quivered)
 e - 7 javelins
 m - 10 curare-tipped darts
Armour
 a - the +13 chain mail of Cengax (worn) {Regen+}
   (You acquired it in the Dungeon)

   Regen:     It increases your rate of health regeneration.
 j - the +0 pair of gloves of Podom (worn) {rPois Will- Regen+ Str+4}
   (You bought it in a shop in the Dungeon)

   Str:       It affects your strength (+4).
   rPois:     It protects you from poison.
   Regen:     It increases your rate of health regeneration.
   Will:      It decreases your willpower.
 D - a +0 cloak (worn)
 O - a +2 hat of stealth (worn)
 S - the +0 pair of boots of Greater Demons (worn) {rF+ MP+9}
   (You found it in the Dungeon)

   rF:        It protects you from fire.
   MP:        It affects your magic capacity (+9).
 U - the +1 scale mail "Nirgh" {MP+9 Str+7 Int+2}
   (You found it in the Dungeon)

   Str:       It affects your strength (+7).
   Int:       It affects your intelligence (+2).
   MP:        It affects your magic capacity (+9).
Jewellery
 h - a ring of protection from fire
 w - a ring of protection from fire
 H - the amulet of the Four Winds (around neck) {rN+ Will+++ Clar}
   (You found it in the Dungeon)

   [amulet of nothing]

   rN:        It protects you from negative energy.
   Clar:      It protects you against confusion.
   Will:      It greatly increases your willpower.
 M - a ring of poison resistance
 N - the ring "Ilunty" (right hand) {rN+ Will+ rCorr Dex-3 SInv}
   (You bought it in a shop in the Dungeon)

   [ring of positive energy]

   Dex:       It affects your dexterity (-3).
   rN:        It protects you from negative energy.
   SInv:      It lets you see invisible.
   rCorr:     It protects you from acid and corrosion.
   Will:      It increases your willpower.
 Q - the ring of Ydir (left hand) {rN+ Int+2 Slay+4}
   (You found it in the Dungeon)

   [ring of slaying]

   Int:       It affects your intelligence (+2).
   Slay:      It affects your accuracy & damage with ranged weapons and melee
   (+4).
   rN:        It protects you from negative energy.
Scrolls
 k - a scroll of poison {unknown}
 q - 2 scrolls of fog
 t - 3 scrolls of fear
 v - 3 scrolls of immolation
 y - a scroll of amnesia
Potions
 f - 4 potions of curing
 i - 22 potions of magic
 l - 9 potions of flight
 o - 2 potions of resistance
 z - 34 potions of mutation
 B - a potion of cancellation {unknown}
Miscellaneous
 n - a condenser vane
 J - a phantom mirror
 T - a phial of floods


   Skills:
 - Level 16.8 Fighting
 + Level 23.3 Maces & Flails
 + Level 20.7 Ranged Weapons
 - Level 2.0 Throwing
 - Level 16.8 Armour
 - Level 15.8 Dodging
 + Level 17.5 Invocations


You had 13 spell levels left.
You didn't know any spells.
Your spell library contained the following spells:

 Spells                   Type           Power      Damage    Failure   Level
 Magic Dart               Conj           0%         1d3       83%         1
 Slow                     Hex            0%         N/A       83%         1
 Call Imp                 Summ           0%         N/A       93%         2
 Cigotuvi's Dreadful Rot  Necr/Pois/Air  0%         N/A       93%         2
 Ensorcelled Hibernation  Hex/Ice        0%         N/A       93%         2
 Searing Ray              Conj           0%         2d4       93%         2
 Confusing Touch          Hex            0%         N/A       99%         3
 Dazzling Flash           Conj/Hex       0%         N/A       99%         3
 Ignite Poison            Fire/Tmut/Pois 0%         N/A       99%         3
 Kindle Blastsparks       Fire/Tloc/Air  0%         2d10      99%         3
 Mephitic Cloud           Conj/Pois/Air  0%         N/A       99%         3
 Spider Form              Tmut/Pois      0%         N/A       99%         3
 Vampiric Draining        Necr           0%         2d6       99%         3
 Anguish                  Hex/Necr       0%         N/A       100%        4
 Dispel Undead            Necr           0%         3d6       100%        4
 Fulminant Prism          Conj/Hex       0%         3d6       100%        4
 Iskenderun's Mystic Bla  Conj/Tloc      0%         2d3       100%        4
 Alistair's Intoxication  Tmut/Pois      0%         N/A       100%        5
 Borgnjor's Vile Clutch   Necr/Erth      0%         N/A       100%        5
 Freezing Cloud           Conj/Ice/Air   0%         6-21      100%        5
 Death Channel            Necr           0%         N/A       100%        6
 Eringya's Noxious Bog    Tmut/Pois      0%         N/A       100%        6
 Starburst                Conj/Fire      0%         6d3       100%        6
 Chain Lightning          Conj/Air       0%         N/A       100%        9
 Fire Storm               Conj/Fire      0%         5d1       100%        9
 Shatter                  Erth           0%         3d5*      100%        9


Dungeon Overview and Level Annotations

Branches:
Dungeon (1/1)

Altars:
Cheibriados
Dithmenos
Elyvilon
Fedhas
Gozag
Hepliaklqana
Kikubaaqudgha
Makhleb
Nemelex Xobeh
Okawaru
Qazlal
Ru
Sif Muna
Trog
Uskayaw
Vehumet
Wu Jian
Xom
Yredelemnul
Zin
The Shining One
Jiyva
Lugonu

Shops:
D :([(=!=[!*?=([::!([:

Annotations:
D exclusion: orange crystal statue, Gloorx Vloq


Innate Abilities, Weirdness & Mutations

You have a pair of horns on your head.
You reflexively headbutt those who attack you in melee.
You have a somewhat thin skeletal structure. (Dex +2, Stealth+)
You are strong-willed. (Will+)
You are robust. (+10% HP)


Message History

Okay, then.
Okay, then.
Unknown command.
The death scarab's many legs skitter faintly.
You hear a hideous shriek!
The royal mummy is no longer encased in ice.
The Executioner hits you but does no damage.
You block the Executioner's attack. The Executioner barely misses you.
The Executioner hits you but does no damage. x2
The Executioner completely misses you.
The Executioner hits you but does no damage.
The Executioner closely misses you.
The Executioner hits you but does no damage.
The royal mummy mumbles some strange words.
Gloorx Vloq calls on the powers of darkness!
Your body is wracked with pain!
* * * LOW HITPOINT WARNING * * *
The Executioner hits you.
* * * LOW HITPOINT WARNING * * *
The Executioner hits you but does no damage. x2
The Executioner hits you!!
* * * LOW HITPOINT WARNING * * *
You feel more protected from physical attacks.
The Executioner hits you but does no damage. x2
Unknown command.
Okay, then.
You are confused.
You feel invigorated.
The death scarab's many legs skitter faintly.
The Executioner hits you but does no damage.
The Executioner closely misses you. The Executioner hits you.
* * * LOW HITPOINT WARNING * * *
You feel more protected from physical attacks.
The Executioner barely misses you.
The Executioner hits you but does no damage.
The Executioner misses you.
Gloorx Vloq hits you but does no damage.
The Executioner hits you but does no damage.
The Executioner closely misses you. x2; The Executioner hits you!
You die...

****** *,,,,*
▓▓▓▓▓▓▓▓▓▓▓▓▓▓▓▓▓▓▓▓▓▓▓▓▓
**,,,,**▓.≈.MVB1@.§§^♣♣.....♣♣...
,,,,,,,,▓.≈.BB▓&1.▓.♣♣..♣...♣♣...
,,,,,,,,▓...M,▓.▓▓▓.♣♣..♣♣..♣♣..♣
*⌠,,,,*+▓▓▓.,,▓...▓.♣♣..♣♣..♣...♣
**,,,,*,$▓▓▓+▓▓▓▓.▓.♣[..♣♣......♣
~##++##,..+...▓0..▓.....▓▓▓▓▓▓▓▓▓
##§§..###.#.°.▓▓▓▓▓▓▓▓▓▓▓▓▓▓▓▓▓..
#)§.....#.#..°▓§§§≈≈≈≈≈▓▓▓.)..▓.'
####....#.##|)▓▓▓▓▓▓▓▓▓▓▓▓†▓▓.▓.'


You could see Gloorx Vloq, a royal mummy, a vampire knight (invisible, frozen),
2 Executioners and 3 death scarabs.

Vanquished Creatures
  the Lernaean hydra (D)
  Nikola (D)
  An electric golem (D)
  A hellephant (D)
  A deep elf blademaster (D)
  Murray (D)
  A deep elf master archer (D)
  3 quicksilver dragons (D)
  2 sphinxes (D)
  A kraken (D)
  Gastronok (D)
  A draconian shifter (D)
  3 lorocyprocas (D)
  Nessos (D)
  A dire elephant (D)
  A crystal guardian (D)
  An ice dragon (D)
  A death yak (D)
  An iron elemental (D)
  Sonja (D)
  3 sixfirhies (D)
  2 death drakes (D)
  2 deep trolls (D)
  A glowing orange brain (D)
  An obsidian statue (D)
  A harpy (D)
  An oklob plant (D)
  12 shining eyes (D)
  3 orc sorcerers (D)
  3 toenail golems (D)
  An ice statue (D)
  An eye of devastation (D)
  A yaktaur (D)
  5 polar bears (D)
  A hornet (D)
  18 flying skulls (D)
  3 wyverns (D)
  4 neqoxecs (D)
  A golden eye (D)
  Menkaure (D)
  4 water moccasins (D)
  10 floating eyes (D)
  2 swamp drakes (D)
  3 black bears (D)
  4 necrophages (D)
  5 scorpions (D)
  2 earth elementals (D)
  9 electric eels (D)
  A jelly (D)
  4 orc priests (D)
  3 worms (D)
  A ballistomycete spore (D)
  4 tentacles (D)
142 creatures vanquished.

Vanquished Creatures (others)
  A water moccasin (D)
  A ballistomycete spore (D)
  8 tentacles (D)
10 creatures vanquished.

Grand Total: 152 creatures vanquished

Notes
Turn   | Place    | Note
-------+----------+-------------------------------------------
     0 | D        | rocky1 the Minotaur Gladiator began the quest for the Orb.
     0 | D        | Reached XP level 1. HP: 18/18 MP: 0/0
     1 | D        | Noticed a neqoxec
     1 | D        | Noticed a neqoxec
     1 | D        | Noticed a neqoxec
     1 | D        | Noticed a neqoxec
     1 | D        | Gained mutation: You are weak. (Str -2) [a neqoxec]
     4 | D        | Killed a neqoxec
     5 | D        | Reached skill level 5 in Fighting
     5 | D        | Reached skill level 8 in Maces & Flails
     5 | D        | Reached skill level 5 in Armour
     5 | D        | Reached skill level 5 in Dodging
     5 | D        | Reached XP level 2. HP: 30/30 MP: 1/1
     5 | D        | Reached XP level 3. HP: 37/37 MP: 2/2
     5 | D        | Reached XP level 4. HP: 44/44 MP: 3/3
     5 | D        | Reached XP level 5. HP: 50/50 MP: 4/4
     7 | D        | Killed a neqoxec
     7 | D        | Gained mutation: You do not regenerate when monsters are
                  | visible. [a neqoxec]
     8 | D        | Reached skill level 10 in Maces & Flails
    13 | D        | Killed a neqoxec
    14 | D        | Reached skill level 11 in Maces & Flails
    14 | D        | Reached XP level 6. HP: 61/61 MP: 5/5
    15 | D        | Killed a neqoxec
    16 | D        | Reached XP level 7. HP: 69/69 MP: 6/6
    45 | D        | Noticed Menkaure
    47 | D        | Killed Menkaure
    48 | D        | Reached skill level 12 in Maces & Flails
    49 | D        | Found an iron altar of Okawaru.
    49 | D        | Found a radiant altar of Vehumet.
    49 | D        | Found a glowing silver altar of Zin.
    50 | D        | Found a sparkling altar of Nemelex Xobeh.
    50 | D        | Found a hide-covered altar of Uskayaw.
    51 | D        | Found an opulent altar of Gozag.
    51 | D        | Found a burning altar of Makhleb.
    51 | D        | Found a bloodstained altar of Trog.
    51 | D        | Found a basalt altar of Yredelemnul.
    52 | D        | Found a blossoming altar of Fedhas.
    52 | D        | Found a corrupted altar of Lugonu.
    52 | D        | Found a shimmering blue altar of Sif Muna.
    53 | D        | Found a white marble altar of Elyvilon.
    53 | D        | Found an ancient bone altar of Kikubaaqudgha.
    54 | D        | Found a shadowy altar of Dithmenos.
    54 | D        | Found a viscous altar of Jiyva.
    55 | D        | Found a snail-covered altar of Cheibriados.
    57 | D        | Found a shimmering altar of Xom.
    57 | D        | Found a sacrificial altar of Ru.
    57 | D        | Found a hazy altar of Hepliaklqana.
    58 | D        | Found a glowing golden altar of the Shining One.
    58 | D        | Found an ornate altar of the Wu Jian Council.
    58 | D        | Found a stormy altar of Qazlal.
    69 | D        | Became a worshipper of Qazlal Stormbringer
   103 | D        | Reached skill level 1 in Invocations
   109 | D        | Reached * piety under Qazlal
   119 | D        | Noticed a flying skull
   119 | D        | Noticed a flying skull
   119 | D        | Noticed a flying skull
   119 | D        | Noticed a flying skull
   119 | D        | Noticed a flying skull
   119 | D        | Noticed a flying skull
   119 | D        | Noticed a flying skull
   119 | D        | Noticed a flying skull
   120 | D        | Noticed a flying skull
   120 | D        | Noticed a flying skull
   120 | D        | Noticed a flying skull
   124 | D        | Found Yggutoro's Distillery.
   124 | D        | Noticed a flying skull
   126 | D        | Found Hayseff's Book Shoppe.
   128 | D        | Found Limemorr's Jewellery Shoppe.
   128 | D        | Found Jeddagh's Magic Scroll Emporium.
   128 | D        | Found Tira's General Store.
   129 | D        | Found Cevu's Antique Armour Emporium.
   129 | D        | Found Anazesh's Jewellery Shoppe.
   141 | D        | Found Rafudut's Antique Armour Shoppe.
   141 | D        | Found Mapa's Distillery.
   142 | D        | Found Qyabbekh's Weapon Emporium.
   143 | D        | Found Azouboeb's Book Shoppe.
   143 | D        | Found Tetexohe's Distillery.
   143 | D        | Noticed a wyvern
   144 | D        | Found Gijasoic's Antique Weapon Shoppe.
   144 | D        | Found Jilot's Weapon Emporium.
   147 | D        | Noticed a wyvern
   147 | D        | Noticed an oklob plant
   151 | D        | Noticed a wyvern
   154 | D        | Reached ** piety under Qazlal
   155 | D        | Reached skill level 13 in Maces & Flails
   155 | D        | Reached XP level 8. HP: 75/79 MP: 9/9
   155 | D        | Found Laem's Book Shoppe.
   168 | D        | Bought a potion of mutation for 112 gold pieces
   168 | D        | Bought a potion of degeneration for 14 gold pieces
   171 | D        | Lost mutation: You are weak. (Str -2) [potion of mutation]
   171 | D        | Lost mutation: You do not regenerate when monsters are
                  | visible. [potion of mutation]
   171 | D        | Gained mutation: You are strong-willed. (Will+) [potion of
                  | mutation]
   171 | D        | Gained mutation: You have hidden genetic potential. [potion
                  | of mutation]
   171 | D        | Gained mutation: You are robust. (+10% HP) [potion of
                  | mutation]
   174 | D        | Noticed an ice dragon
   191 | D        | Bought a runed shortbow for 156 gold pieces
   245 | D        | Noticed an orange crystal statue
   270 | D        | Reached *** piety under Qazlal
   271 | D        | Reached skill level 1 in Ranged Weapons
   281 | D        | Reached skill level 10 in Fighting
   343 | D        | Bought a runed plate armour for 494 gold pieces
   447 | D        | Killed a flying skull
   447 | D        | Reached **** piety under Qazlal
   448 | D        | Reached skill level 10 in Armour
   454 | D        | Killed a flying skull
   455 | D        | Reached skill level 10 in Dodging
   460 | D        | Killed a flying skull
   466 | D        | Killed a flying skull
   467 | D        | Reached skill level 5 in Invocations
   472 | D        | Killed a flying skull
   473 | D        | Reached skill level 14 in Maces & Flails
   473 | D        | Reached XP level 9. HP: 57/97 MP: 10/12
   473 | D        | Gained mutation: You have a somewhat thin skeletal
                  | structure. (Dex +2, Stealth+) [hidden potential]
   477 | D        | Reached ***** piety under Qazlal
   482 | D        | Reached skill level 5 in Ranged Weapons
   685 | D        | Noticed a polar bear
   687 | D        | Noticed a polar bear
   688 | D        | Noticed a yaktaur
   693 | D        | Paralysed by a hornet for 2 turns
   702 | D        | Killed a polar bear
   705 | D        | Killed a polar bear
   707 | D        | Killed a yaktaur
   707 | D        | Reached ****** piety under Qazlal
   708 | D        | Reached skill level 15 in Maces & Flails
   740 | D        | Bought a potion of haste for 100 gold pieces
   750 | D        | Bought a potion of heal wounds for 70 gold pieces
   753 | D        | Bought a potion of heal wounds for 50 gold pieces
   753 | D        | Bought a potion of curing for 30 gold pieces
   887 | D        | Noticed a polar bear
   899 | D        | Killed a polar bear
   900 | D        | Reached XP level 10. HP: 100/108 MP: 14/14
   910 | D        | Gained mutation: You are very robust. (+20% HP) [hidden
                  | potential]
   910 | D        | Lost mutation: You have hidden genetic potential. [hidden
                  | potential expressed]
   966 | D        | Noticed a death drake
   975 | D        | Killed a death drake
   978 | D        | Noticed a death drake
   993 | D        | Killed a death drake
  1161 | D        | Noticed a crystal guardian
  1180 | D        | Killed a crystal guardian
  1285 | D        | Noticed a death yak
  1298 | D        | Killed a death yak
  1299 | D        | Reached skill level 16 in Maces & Flails
  1334 | D        | Noticed a kraken
  1447 | D        | Noticed an ice statue
  1491 | D        | Killed a kraken
  1492 | D        | Reached XP level 11. HP: 58/129 MP: 15/17
  1803 | D        | Noticed a deep troll
  1804 | D        | Noticed a deep troll
  1817 | D        | Killed a deep troll
  1821 | D        | Killed a deep troll
  1880 | D        | Noticed a sphinx
  1880 | D        | Noticed a sphinx
  1887 | D        | Killed a sphinx
  1888 | D        | Reached skill level 10 in Ranged Weapons
  1888 | D        | Reached skill level 10 in Invocations
  1903 | D        | Killed a sphinx
  1904 | D        | Reached skill level 17 in Maces & Flails
  2019 | D        | Noticed a deep elf master archer
  2022 | D        | Killed a deep elf master archer
  2023 | D        | Reached skill level 15 in Fighting
  2177 | D        | Noticed an iron elemental
  2206 | D        | Killed an iron elemental
  2207 | D        | Reached skill level 15 in Armour
  2357 | D        | Noticed an electric golem
  2357 | D        | Noticed an iron golem
  2392 | D        | Killed an electric golem
  2709 | D        | Bought a potion of berserk rage for 70 gold pieces
  2726 | D        | Bought a scroll of identify for 26 gold pieces
  2726 | D        | Bought a scroll of fear for 52 gold pieces
  2726 | D        | Bought a scroll of magic mapping for 97 gold pieces
  2726 | D        | Bought a scroll of identify for 26 gold pieces
  2726 | D        | Bought a scroll of identify for 26 gold pieces
  2736 | D        | Bought a pair of dazzling gloves for 247 gold pieces
  2736 | D        | Identified the +0 pair of gloves of Podom {rPois Will-
                  | Regen+ Str+4} (You bought it in a shop in the Dungeon)
  3076 | D        | Reached XP level 12. HP: 112/146 MP: 10/19
  3080 | D        | Noticed the 27-headed Lernaean hydra
  3299 | D        | Reached skill level 18 in Maces & Flails
  3302 | D        | Killed an ice dragon
  3467 | D        | Noticed Nikola
  3486 | D        | Killed Nikola
  3487 | D        | Reached skill level 15 in Dodging
  3639 | D        | Killed the 27-headed Lernaean hydra
  3675 | D        | Found Buklied's Armour Shoppe.
  3694 | D        | Bought a +2 hat for 160 gold pieces
  3707 | D        | Found the amulet of the Four Winds {rN+ Will+++ Clar}
  3720 | D        | Identified the +9 arbalest "Tesih" {penet, rC- rN+ Will+
                  | Str+3}
  3722 | D        | Found Nodd's Antique Armour Boutique.
  3722 | D        | Found Qaowerch's Book Shoppe.
  3918 | D        | Found Xepnolla's Jewellery Boutique.
  3919 | D        | Noticed Nessos
  3920 | D        | Found Evyhis's Antique Weapon Shop.
  3925 | D        | Killed Nessos
  3926 | D        | Reached skill level 19 in Maces & Flails
  3930 | D        | Identified the +4 great sword of Ignis, Hungering {flame,
                  | rC- Str+10 Int+4}
  3939 | D        | Bought a ring of poison resistance for 280 gold pieces
  3939 | D        | Bought the ring "Ilunty" {rN+ Will+ rCorr Dex-3 SInv} for
                  | 505 gold pieces
  4015 | D        | Identified 2 scrolls of acquirement
  4015 | D        | Acquired a manual of Ranged Weapons
  4017 | D        | Acquired the +5 great mace "Noloucs" {venom, rC+ rN+
                  | Stlth+}
  4147 | D        | Noticed Gastronok
  4155 | D        | Killed Gastronok
  4177 | D        | Noticed a dire elephant
  4185 | D        | Killed a dire elephant
  4186 | D        | Reached skill level 15 in Ranged Weapons
  4200 | D        | Reached XP level 13. HP: 149/156 MP: 22/22
  4203 | D        | Reached skill level 20 in Maces & Flails
  4220 | D        | Identified the ring of Ydir {rN+ Int+2 Slay+4}
  4258 | D        | Identified the +1 scale mail "Nirgh" {MP+9 Str+7 Int+2}
  4259 | D        | Identified the +0 pair of boots of Greater Demons {rF+
                  | MP+9}
  4339 | D        | Acquired the +13 chain mail of Cengax {Regen+}
  4398 | D        | Noticed a deep elf blademaster
  4413 | D        | Killed a deep elf blademaster
  4488 | D        | Noticed a purple draconian shifter
  4488 | D        | Noticed Sonja
  4499 | D        | Noticed a hellephant
  4500 | D        | Killed Sonja
  4515 | D        | Killed a purple draconian shifter
  4515 | D        | Killed a hellephant
  4516 | D        | Reached skill level 21 in Maces & Flails
  4516 | D        | Reached skill level 15 in Invocations
  4607 | D        | Reached skill level 22 in Maces & Flails
  4609 | D        | Lost mutation: You are very robust. (+20% HP) [a shining
                  | eye]
  4676 | D        | Noticed a lorocyproca
  4688 | D        | Killed a lorocyproca
  4762 | D        | Noticed a lorocyproca
  4769 | D        | Killed a lorocyproca
  4769 | D        | Noticed a quicksilver dragon
  4776 | D        | Killed a quicksilver dragon
  4930 | D        | Noticed a quicksilver dragon
  4935 | D        | Killed a quicksilver dragon
  4956 | D        | Noticed a lorocyproca
  4960 | D        | Killed a lorocyproca
  4961 | D        | Reached skill level 23 in Maces & Flails
  5007 | D        | Noticed a quicksilver dragon
  5011 | D        | Killed a quicksilver dragon
  5046 | D        | Noticed Murray
  5052 | D        | Noticed a jiangshi
  5063 | D        | Killed Murray
  5064 | D        | Reached XP level 14. HP: 85/151 MP: 25/25
  5102 | D        | Noticed a curse toe
  5102 | D        | Noticed Gloorx Vloq
  5102 | D        | Noticed a vampire knight
  5102 | D        | Noticed a royal mummy
  5108 | D        | Noticed an Executioner
  5108 | D        | Noticed an Executioner
  5109 | D        | HP: 2/151 [Executioner[Gloorx Vloq] (18)]
  5110 | D        | Mangled by an Executioner

Illustrated notes

Levels and vault maps discovered:
D:        the_violet_keep_of_menkaure [sprint2_stairs_cluster_1,
          sprint2_shoproom, sprint2_temple, sprint2_basic_supplies,
          sprint2_obstacle_1, sprint2_obstacle_2, sprint2_obstacle_4,
          sprint2_obstacle_7, sprint2_obstacle_3, sprint2_timed_cluster_1,
          sprint2_smallroom_cluster_1, sprint2_smallroom_final_cluster_1,
          sprint2_transparent_cluster_1, sprint2_second_timed_cluster_1,
          sprint2_sniper_area_1, sprint2_heavy_combat_area_1,
          sprint2_mutation_trap_area_1, sprint2_forest_area_1,
          sprint2_light_combat_area_1, sprint2_behind_water_1,
          sprint2_near_end_vault_1]

Skill      XL: |  1  2  3  4  5  6  7  8  9 10 11 12 13 |
---------------+----------------------------------------+-----
Fighting       | 5 7 8 9 11 12 13 15 16 | 16.8
Maces & Flails | 8 11 13 14 15 16 17 19 23 | 23.3
Armour         | 5 7 9 10 12 13 15 16 | 16.8
Dodging        | 5 7 8 9 10 11 13 14 15 | 15.8
Invocations    | 3 5 7 9 11 13 17 | 17.5
Ranged Weapons | 4 7 9 11 15 20 | 20.7
Throwing       | |  2.0

Action                   |  1- 3 |  4- 6 |  7- 9 | 10-12 | 13-15 || total
-------------------------+-------+-------+-------+-------+-------++-------
Melee: Flail             |     2 |    11 |   136 |   310 |       ||   459
       Headbutt          |     1 |     2 |    25 |    95 |    21 ||   144
       Punch             |       |       |     3 |     4 |       ||     7
       Great mace        |       |       |       |    47 |   101 ||   148
 Fire: Shortbow          |       |       |     2 |       |       ||     2
Invok: Upheaval          |       |       |       |    12 |     6 ||    18
       Disaster Area     |       |       |       |     5 |     3 ||     8
  Use: Potion            |     1 |       |     2 |    12 |     4 ||    19
       Scroll            |       |       |       |    12 |     3 ||    15
 Stab: Confused          |       |       |     1 |       |       ||     1
Armor: Leather armour    |       |       |     6 |       |       ||     6
       Plate armour      |       |       |    39 |   208 |     1 ||   248
       Chain mail        |       |       |       |       |    53 ||    53
Dodge: Dodged            |     2 |     3 |    45 |   162 |    55 ||   267
       Repelled          |       |       |       |     2 |     1 ||     3
Block: Other             |       |       |    19 |   102 |    29 ||   150

Table legend: (Time is in decaauts)
 A = Elapsed time spent in this place.
 B = Non-inter-level travel time spent in this place.
 C = Inter-level travel time spent in this place.
 D = Time resting spent in this place.
 E = Time spent auto-exploring this place.
 F = Levels seen in this place.
 G = Mean time per level.
                   A        B        C        D        E       F      G
               +--------+--------+--------+--------+--------+-----+--------+
         Total |   5107 |   5104 |      3 |   2473 |      0 |   1 | 5107.0 |
       Dungeon |   5107 |   5104 |      3 |   2473 |      0 |   1 | 5107.0 |
               +--------+--------+--------+--------+--------+-----+--------+

Top non-repeatable levels by time:
       D: 5107 daAuts
